 Dungeon Crawl Stone Soup version 0.22-a0-877-g5c4e1af (webtiles) character file.

316 MatthieuS the Poker (level 6, 0/38 HPs)
             Began as a Tengu Wanderer on July 29, 2018.
             Was an Initiate of the Shining One.
             Slain by Grinder (3 damage)
             ... on level 4 of the Dungeon.
             The game lasted 00:06:33 (3037 turns).

MatthieuS the Poker (Tengu Wanderer)                Turns: 3037, Time: 00:06:34

Health: 0/38       AC:  6    Str: 15    XL:     6   Next: 44%
Magic:  7/7        EV: 10    Int: 12    God:    the Shining One [......]
Gold:   198        SH:  0    Dex: 13    Spells: 5/5 levels left

rFire    . . .     SeeInvis .   q - +0 scythe
rCold    . . .     Gourm    .   (shield currently unavailable)
rNeg     . . .     Faith    .   u - +0 scale mail
rPois    .         Spirit   .   (helmet restricted)
rElec    .         Reflect  .   (no cloak)
rCorr    .         Harm     .   (no gloves)
MR       .....                  (boots unavailable)
Stlth    +.........             (no amulet)
HPRegen  0.12/turn              j - ring of wizardry
MPRegen  0.10/turn              (no ring)

@: glowing
A: beak, talons 3, able to fly 1
a: Fly, Renounce Religion


You were on level 4 of the Dungeon.
You worshipped the Shining One.
The Shining One was noncommittal.
You were not hungry.

You visited 1 branch of the dungeon, and saw 4 of its levels.

You collected 198 gold pieces.

Inventory:

Hand Weapons
 a - a +2 spear
 q - a +0 scythe (weapon)
   (You took it off Sigmund on level 2 of the Dungeon)
Armour
 d - a +0 robe
 m - a +0 plate armour
   (You found it on level 1 of the Dungeon)
 n - a +0 ring mail
   (You found it on level 1 of the Dungeon)
 u - a +0 scale mail (worn)
   (You took it off Terence on level 2 of the Dungeon)
Jewellery
 j - a ring of wizardry (left hand)
   (You found it on level 1 of the Dungeon)
Scrolls
 b - 3 scrolls of teleportation {@r4}
 f - a scroll of random uselessness {unknown}
 h - 2 scrolls of identify {unknown}
 r - a scroll of immolation {unknown}
 s - a scroll of amnesia {unknown}
Potions
 i - 2 potions of heal wounds {unknown}
 k - a potion of cancellation {unknown}
 l - a potion of mutation {unknown}
 o - a potion of flight {unknown}
 p - a potion of resistance {unknown}
 t - a potion of lignification {unknown}
 v - a potion of magic {unknown}
 w - a potion of ambrosia {unknown}
Comestibles
 e - 6 rations
 g - 4 chunks of flesh


   Skills:
 + Level 3.8 Fighting
   Level 1.1 Long Blades
 * Level 5.1 Polearms
 + Level 2.3 Armour
 + Level 2.5 Dodging
 + Level 3.4 Stealth
   Level 1.0 Evocations


You had 5 spell levels left.
You didn't know any spells.
Your spell library was empty.

Dungeon Overview and Level Annotations

Branches:
Dungeon (4/15)
 Temple: D:4-7

Altars:
The Shining One

Annotations:
D:4 Grinder


Innate Abilities, Weirdness & Mutations

You have a beak for a mouth.
You have claws for feet.
You can fly.


Message History

There is a glowing golden altar of the Shining One here.
You kneel at the altar of the Shining One.
The Shining One welcomes you!
There is an open door here.
Grinder comes into view.
Grinder blinks!
Grinder moves out of view.
No target in view!
No target in view!
No target in view!
Wield which item (- for none, * to show all)? (? for menu, Esc to quit)
q - a +0 scythe (weapon)
You hit Grinder.
Grinder rolls her eyes.
Grinder gestures at you.
You suddenly lose the ability to move!
Grinder hits you but does no damage. Grinder gestures at you.
Pain shoots through your body!
You can move again.
You hit Grinder but do no damage. Your kick misses Grinder.
You peck Grinder, but do no damage. Grinder hits you. Grinder hits you!
* * * LOW HITPOINT WARNING * * *
You writhe in agony.
* * * LOW HITPOINT WARNING * * *
You are too injured to fight recklessly!
Unknown command.
You feel better. Grinder hits you but does no damage.
You hit Grinder but do no damage. Your kick misses Grinder.
Grinder blinks!
Attack whom?
Aim: Grinder You reach to attack!
You slash Grinder! You barely miss Grinder. Your kick misses Grinder.
Your peck misses Grinder. Grinder barely misses you. Grinder hits you.
* * * LOW HITPOINT WARNING * * *
You writhe in agony.
* * * LOW HITPOINT WARNING * * *
You are too injured to fight recklessly!
Unknown command.
You are too injured to fight recklessly!
Unknown command.
You are too injured to fight recklessly!
You closely miss Grinder. Grinder hits you.
* * * LOW HITPOINT WARNING * * *
Grinder hits you!
* * * LOW HITPOINT WARNING * * *
You writhe in agony.
* * * LOW HITPOINT WARNING * * *
You feel better. Grinder hits you.
* * * LOW HITPOINT WARNING * * *
You writhe in agony.
You die...

## #. #.### ... #.# #@##
#5.# ##.## ..# #...# #.#
##.#.# #.# ##..#..##
######.####..###..##
#........#..##.##..#
####......#...#'...##..#


You could see Grinder.

Vanquished Creatures
  Sigmund (D:2)
  Terence (D:2)
  5 adders
  2 worms
  4 dart slugs
  A leopard gecko (D:3)
  7 orcs (D:3)
  9 bats
  3 giant cockroaches (D:3)
  7 goblins
  7 hobgoblins
  2 jackals (D:3)
  2 ball pythons (D:1)
  6 frilled lizards
  6 kobolds
  6 rats
69 creatures vanquished.

Notes
Turn   | Place    | Note
-------+----------+-------------------------------------------
     0 | D:1      | MatthieuS the Tengu Wanderer began the quest for the Orb.
     0 | D:1      | MatthieuS set off with: a +2 spear, a scroll of teleportation {@r4}, a potion of curing {@q1}, a +0 robe, a ration, a +0 dagger
     0 | D:1      | Reached XP level 1. HP: 14/14 MP: 2/2
   123 | D:1      | Reached XP level 2. HP: 18/19 MP: 3/3
   980 | D:2      | Reached skill level 1 in Dodging
   980 | D:2      | Reached XP level 3. HP: 18/23 MP: 4/4
  1147 | D:2      | Noticed Terence
  1177 | D:3      | Reached skill level 1 in Armour
  1182 | D:3      | Reached skill level 4 in Polearms
  1293 | D:2      | Reached XP level 4. HP: 28/28 MP: 5/5
  1458 | D:2      | Killed Terence
  1909 | D:2      | Noticed Sigmund
  1923 | D:2      | Killed Sigmund
  1923 | D:2      | Reached skill level 5 in Polearms
  1923 | D:2      | Gained mutation: You can fly. [Tengu growth]
  1923 | D:2      | Reached XP level 5. HP: 27/33 MP: 6/6
  1923 | D:2      | Reached XP level 6. HP: 31/38 MP: 7/7
  2962 | D:4      | Found a glowing golden altar of the Shining One.
  3016 | D:4      | Became a worshipper of the Shining One
  3024 | D:4      | Noticed Grinder
  3029 | D:4      | Paralysed by Grinder for 2 turns
  3036 | D:4      | HP: 1/38 [Grinder (2)]
  3037 | D:4      | Slain by Grinder

Vault maps used:
D:1:      sevenhm_arrival_forest_fort_large_4
D:2:      uniq_sigmund, uniq_terence
D:4:      gammafunk_steamed_eel, tso_metal_star, minmay_temple_entry_grid,
          first_ration, uniq_grinder

Skill      XL: |  1  2  3  4 |
---------------+-------------+-----
Dodging        | 1 2 |  2.5
Armour         | 1 2 |  2.3
Polearms       | 4 5 |  5.1
Stealth        | 3 |  3.4
Fighting       | |  3.8
Long Blades    | |  1.1
Evocations     | |  1.0

Action                   |  1- 3 |  4- 6 || total
-------------------------+-------+-------++-------
Melee: Spear             |    69 |    64 ||   133
       Kick              |    14 |    19 ||    33
       Peck              |     4 |    19 ||    23
       Scythe            |       |    59 ||    59
  Use: Potion            |       |     2 ||     2
 Stab: Sleeping          |     3 |       ||     3
  Eat: Chunk             |     1 |     6 ||     7
Armor: Robe              |     2 |       ||     2
       Ring mail         |    16 |     1 ||    17
       Scale mail        |       |    36 ||    36
Dodge: Dodged            |    26 |    76 ||   102

Table legend:
 A = Spawn XP
 B = Non-spawn XP
 C = Spawn XP percentage of total XP
 D = Spawn monster count
 E = Non-spawn monster count
 F = Spawn count percentage of total count
 G = Total turns spent on level
                    A         B        C        D         E        F      G
               +---------+---------+-------+---------+---------+-------+---------
         Total |       0 |     452 |   0.0 |       0 |      69 |   0.0 |  3037
               +---------+---------+-------+---------+---------+-------+---------
           D:1 |       0 |      26 |   0.0 |       0 |      15 |   0.0 |   836
           D:2 |       0 |     315 |   0.0 |       0 |      20 |   0.0 |  1125
           D:3 |       0 |     106 |   0.0 |       0 |      33 |   0.0 |   998
           D:4 |       0 |       5 |   0.0 |       0 |       1 |   0.0 |    78
               +---------+---------+-------+---------+---------+-------+---------
